 Dungeon Crawl Stone Soup version 0.29-a0-214-g17f627cfee (webtiles) character file.

Game seed: 6899993783408743628

893 domi the Magician (level 8, -1/58 HPs)
             Began as a Djinni Venom Mage on Feb 24, 2022.
             Was a Follower of Elyvilon.
             Slain by Maggie
             ... wielding a +0 vorpal scimitar
              (2 damage)
             ... on level 6 of the Dungeon.
             The game lasted 00:16:41 (7402 turns).

domi the Magician (Djinni Venom Mage)               Turns: 7402, Time: 00:16:41

Health: -1/58      AC:  2    Str:  7    XL:     8   Next: 27%
Gold:   393        EV: 12    Int: 19    God:    Elyvilon [*.....] SH:  0 Dex: 14

rFire   + + .      SeeInvis .   p - +2 dagger (venom)
rCold   x . .      Faith    .   (no shield)
rNeg    . . .      Spirit   .   a - +0 robe
rPois   ∞          Reflect  .   (no helmet)
rElec   .          Harm     .   (no cloak)
rCorr   .          Rampage  .   (no gloves)
Will    .....                   (boots unavailable)
Stlth   ++........              (no amulet)
HPRegen 0.19/turn               (no ring)
MPRegen 0.00/turn               (no ring)

@: wereblooded, flying
A: sickness immunity, fire resistance 2, cold vulnerability 1, float, innate
caster, HP casting, extra vitality 1
a: Renounce Religion, Purification


You were on level 6 of the Dungeon.
You worshipped Elyvilon.
Elyvilon was aware of your devotion.
You visited 2 branches of the dungeon, and saw 7 of its levels.

You collected 393 gold pieces.

Inventory:

Hand Weapons
 b - a +0 club
   (You took it off a goblin on level 1 of the Dungeon)
 i - a +0 short sword of flaming
   (You took it off an orc on level 2 of the Dungeon)
 p - a +2 dagger of venom (weapon)
   (You took it off a kobold on level 3 of the Dungeon)
 q - a +1 dagger of speed
   (You took it off a kobold brigand on level 3 of the Dungeon)
 s - a +0 vampiric short sword {!w}
   (You took it off an orc on level 4 of the Dungeon)
 y - a +1 falchion of holy wrath
   (You took it off an orc priest on level 5 of the Dungeon)
Missiles
 e - 8 poisoned darts
 w - 2 javelins
Armour
 a - a +0 robe (worn)
Magical Staves
 A - a staff of cold {rC+}
   (You found it on level 5 of the Dungeon)
Jewellery
 g - an amulet of faith {Faith, !P!P}
   (You found it on level 1 of the Dungeon)
 t - a +6 ring of dexterity
   (You found it on level 4 of the Dungeon)
Wands
 B - a wand of iceblast (9)
   (You found it on level 5 of the Dungeon)
Scrolls
 c - 2 scrolls of fear {unknown}
 d - a scroll of immolation {unknown}
 f - 6 scrolls of identify {unknown}
 h - 7 scrolls of teleportation {unknown}
 j - a scroll of fog {unknown}
 k - a scroll of amnesia {unknown}
 n - a scroll of enchant weapon {unknown}
 o - 4 scrolls of enchant armour {unknown}
 r - a scroll of vulnerability {unknown}
 x - a scroll of acquirement {unknown}
Potions
 l - 2 potions of resistance {unknown}
 m - a potion of curing {unknown}
 u - a potion of degeneration {unknown}
 v - 2 potions of brilliance {unknown}
 z - a potion of flight {unknown}
 C - a potion of heal wounds {unknown}


   Skills:
 + Level 4.8 Fighting
 - Level 2.1 Dodging
 - Level 1.5 Stealth
 * Level 6.1 Spellcasting


You had 3 spell levels left.
You knew the following spells:

 Your Spells              Type           Power      Damage    Failure   Level
c - Mephitic Cloud        Conj/Pois/Air  29%        N/A       2%          3
i - Wereblood             Tmut           29%        N/A       1%          2
u - Pain                  Necr           100%       1d9       1%          1
x - Gell's Gravitas       Tloc           29%        N/A       2%          3
y - Poisonous Vapours     Pois/Air       58%        N/A       1%          2
z - Sting                 Tmut/Pois      100%       1d8       1%          1
X - Olgreb's Toxic Radia  Pois           29%        N/A       9%          4
Your spell library was empty.

Dungeon Overview and Level Annotations

Branches:
Dungeon (6/15)             Temple (1/1) D:4

Altars:
Ashenzari
Cheibriados
Dithmenos
Elyvilon
Fedhas
Hepliaklqana
Okawaru
Qazlal
Trog
Uskayaw
Wu Jian
Xom
Yredelemnul
Zin
The Shining One

Annotations:
D:6 Maggie


Innate Abilities, Weirdness & Mutations

You are immune to sickness and miasma.
You are immune to poison.
Your flesh is very heat resistant. (rF++)
You are vulnerable to cold. (rC-)
You float through the air rather than walking.
You learn spells naturally, not from books.
Your magical power is your life essence.
You have superior vitality. (+4 MHP)


Message History

Okay, then.
Aim: an ogre, wielding a +0 giant spiked club (moderately wounded, very poisoned)
You miscast Poisonous Vapours.
You are very lightly contaminated with residual magic.
Nothing appears to happen.
You take 2 damage, and have 54/58 hp.
Aim: an ogre, wielding a +0 giant spiked club (moderately wounded, very poisoned) Poisonous vapours surround the ogre!
The ogre looks as sick as possible!
You take 2 damage, and have 52/58 hp.
You feel a bit more experienced.
Your magical contamination has completely faded away.
Your Spellcasting skill increases to level 6!
C - a white potion Health restored: 58 A shadow imp comes into view.
The shadow imp shouts, "Accept thy doom, thou grime-gilt spur-galled crab-lanthorn!"
A shadow imp is nearby!
A shadow imp is nearby!
A shadow imp is nearby!
The shadow imp hits you.
You take 1 damage, and have 57/58 hp.
You hit the shadow imp.
The shadow imp is poisoned.
The shadow imp hits you but does no damage.
You hit the shadow imp.
You kill the shadow imp!
Health restored: 58 A worm comes into view.
A worm is nearby!
A worm is nearby!
Aim: a worm Poisonous vapours surround the worm!
The worm is poisoned.
You take 2 damage, and have 56/58 hp.
Aim: a worm (very poisoned) Poisonous vapours surround the worm!
The worm looks as sick as possible!
You take 1 damage, and have 55/58 hp.
Okay, then.
You can't see any susceptible monsters within range! (Use Z to cast anyway.) Unknown command.
The ball explodes into a vile cloud!
The stinking cloud engulfs the worm but does no damage.
You take 3 damage, and have 52/58 hp.
Okay, then.
You kill the worm!
There is a collapsed entrance here.
Things that are here:
a +0 giant spiked club; an ogre skeleton You see here 4 stones.
Things that are here:
a +0 dagger; a +0 leather armour; Health restored: 58
Things that are here:
a +0 dagger; a +0 leather armour Done exploring.
Done exploring.
Done exploring.
Done exploring.
Done exploring.
Done exploring.
(D) Dungeon (T) Temple
Where to? (Enter - D:5, ? - help)
There is a stone staircase leading down here.
You fly downwards.
You hear the hiss of flowing sand.
There is an entrance to an ossuary on this level.
Hurry and find it before the portal is buried!
There is a stone staircase leading up here.
As you open the door, it creaks loudly!
You hear a shout! x2
Maggie the Vainglorious comes into view.
She is wielding a +0 vorpal scimitar.
There is an open door here.
Aim: Maggie, wielding a +0 vorpal scimitar and wearing +1 acid dragon scales (wandering, hasn't noticed you) Gravity reorients around Maggie.
Maggie shouts!
You take 3 damage, and have 55/58 hp.
Okay, then.
Unknown command.
You begin to radiate toxic energy.
Maggie is poisoned.
Maggie drinks a potion.
Maggie flickers and vanishes!
Deactivating autopickup; reactivate with Ctrl-A.
You take 4 damage, and have 51/58 hp.
You can't see any susceptible monsters within range! (Use Z to cast anyway.)
The ball explodes into a vile cloud!
The stinking cloud engulfs something but does no damage.
Your toxic aura wanes.
You hear a shout!
You hear a bark!
You take 2 damage, and have 49/58 hp.
Something mumbles something.
Something barely misses you. Something hits you!
You take 18 damage, and have 31/58 hp.
MASSIVE DAMAGE!!
You barely miss something. You closely miss something. Something hits you!
* * * LOW HITPOINT WARNING * * *
You take 15 damage, and have 17/58 hp.
MASSIVE DAMAGE!!
Your blood is infused with primal strength.
* * * LOW HITPOINT WARNING * * *
You take 2 damage, and have 15/58 hp.
You hit something but do no damage. Something hits you!
* * * LOW HITPOINT WARNING * * *
You die...

# .###..
#########......
.......<.......
##.####.#.##...
#.####'#.#
#..).....#
#..@.....#
#.{......#
#.####+#.# #.
.# #. .# .. ..
#. . ..


There were no monsters in sight!

Vanquished Creatures
  Eustachio (D:5)
  4 ogres (D:5)
  A kobold brigand (D:3)
  2 howler monkeys (D:4)
  3 hounds (D:5)
  An orc priest (D:5)
  7 adders
  A shadow imp (D:5)
  A worm (D:5)
  3 dart slugs
  15 orcs
  3 endoplasms
  2 giant cockroaches
  5 goblins
  6 hobgoblins
  10 kobolds
  3 quokkas
  6 ball pythons
  4 bats
  3 frilled lizards
  4 rats
85 creatures vanquished.

Notes
Turn   | Place    | Note
-------+----------+-------------------------------------------
     0 | D:1      | domi the Djinni Venom Mage began the quest for the Orb.
     0 | D:1      | Reached XP level 1. HP: 15/15 MP: 0/0
   686 | D:1      | Reached XP level 2. HP: 22/22 MP: 0/0
   973 | D:1      | HP: 5/22 [endoplasm (2)]
   975 | D:1      | Reached skill level 1 in Fighting
  1595 | D:2      | Reached XP level 3. HP: 25/27 MP: 0/0
  1595 | D:2      | Learned a level 1 spell: Pain
  1711 | D:2      | Reached skill level 3 in Spellcasting
  2955 | D:3      | Found a faded altar of an unknown god.
  2961 | D:3      | Reached XP level 4. HP: 32/32 MP: 0/0
  3377 | D:3      | Found a glowing silver altar of Zin.
  3758 | D:3      | HP: 8/33 [hobgoblin/+0 club (9)]
  3762 | D:3      | Reached skill level 2 in Fighting
  4000 | D:3      | Noticed a kobold brigand
  4012 | D:3      | Killed a kobold brigand
  4013 | D:3      | Reached XP level 5. HP: 33/39 MP: 0/0
  4013 | D:3      | Learned a level 2 spell: Wereblood
  4135 | D:4      | Reached skill level 4 in Spellcasting
  4507 | D:4      | Reached XP level 6. HP: 27/45 MP: 0/0
  4684 | D:4      | Found an ornate altar of the Wu Jian Council.
  4801 | D:4      | Found a staircase to the Ecumenical Temple.
  4809 | Temple   | Entered the Ecumenical Temple
  5180 | Temple   | Became a worshipper of Elyvilon the Healer
  5296 | D:4      | Reached skill level 3 in Fighting
  5604 | D:4      | Found a shadowy altar of Dithmenos.
  6073 | D:5      | Entered Level 5 of the Dungeon
  6191 | D:5      | Noticed an ogre
  6200 | D:5      | Killed an ogre
  6205 | D:5      | Noticed an ogre
  6212 | D:5      | Killed an ogre
  6213 | D:5      | Reached skill level 5 in Spellcasting
  6213 | D:5      | Reached XP level 7. HP: 35/51 MP: 0/0
  6213 | D:5      | Learned a level 3 spell: Gell's Gravitas
  6218 | D:5      | Noticed Eustachio
  6227 | D:5      | HP: 5/51 [Eustachio/+1 rapier of flaming (6)]
  6232 | D:5      | Killed Eustachio
  6233 | D:5      | Reached skill level 4 in Fighting
  6538 | D:5      | Reached * piety under Elyvilon
  6572 | D:5      | Reached XP level 8. HP: 32/58 MP: 0/0
  6927 | D:5      | Reached skill level 6 in Spellcasting
  7389 | D:6      | Noticed Maggie
  7402 | D:6      | HP: 1/58 [something (14)]
  7402 | D:6      | Slain by Maggie

Illustrated notes

Levels and vault maps discovered:
D:1:      ncdulo_smallfort, layout_basic, st_stairs_9
D:2:      layout_basic, serial_bayou, serial_bayou_pond_d, serial_bayou_pond_d,
          serial_bayou_shore_b, serial_bayou_shore_b, serial_bayou_shore_a,
          wad_orctagon
D:3:      cheibrodos_thug_alley, layout_rooms, zin_scriptorium,
          hellmonk_ecumenical_altar_crossroads, guppyfry_early_orc_mine
D:4:      layout_basic, nicolae_dithmenos_shadow_blocks, amcnicky_altar_gilded,
          minmay_temple_entry_slanted
D:5:      layout_basic, cheibrodos_sewer_entry_bend, uniq_eustachio
D:6:      layout_basic, grunt_gozag_statues, nemelex_xobeh_ov_fountains_minmay,
          enter_ossuary_2, serial_shops, shop, nzn_random_ring, uniq_maggie
Temple:   minmay_temple_forest_path

Skill      XL: |  1  2  3  4  5  6  7  8 |
---------------+-------------------------+-----
Fighting       | 1 2 3 4 |  4.8
Spellcasting   | 3 4 5 6 |  6.1
Dodging        | |  2.1
Stealth        | |  1.5

Action                   |  1- 3 |  4- 6 |  7- 9 || total
-------------------------+-------+-------+-------++-------
Melee: Club              |    10 |       |       ||    10
       Short sword       |    28 |     6 |       ||    34
       Dagger            |       |   120 |    34 ||   154
       Punch             |       |       |     1 ||     1
 Cast: Sting             |    37 |    25 |     2 ||    64
       Poisonous Vapours |     6 |     9 |    17 ||    32
       Mephitic Cloud    |       |     1 |     5 ||     6
       Wereblood         |       |     3 |     1 ||     4
       Olgreb's Toxic Ra |       |       |     1 ||     1
       Gell's Gravitas   |       |       |     1 ||     1
 Stab: Sleeping          |     4 |     1 |       ||     5
       Confused          |       |       |     2 ||     2
Armor: Robe              |    10 |    12 |     4 ||    26
Dodge: Dodged            |    37 |    88 |    18 ||   143

Table legend: (Time is in decaauts)
 A = Elapsed time spent in this place.
 B = Non-inter-level travel time spent in this place.
 C = Inter-level travel time spent in this place.
 D = Time resting spent in this place.
 E = Time spent auto-exploring this place.
 F = Levels seen in this place.
 G = Mean time per level.
                   A        B        C        D        E       F      G
               +--------+--------+--------+--------+--------+-----+--------+
         Total |   7407 |   7143 |    264 |    555 |   5646 |   7 | 1058.1 |
       Dungeon |   6997 |   6789 |    208 |    555 |   5314 |   6 | 1166.2 |
        Temple |    410 |    354 |     56 |      0 |    332 |   1 |  410.0 |
               +--------+--------+--------+--------+--------+-----+--------+

Top non-repeatable levels by time:
     D:4: 1536 daAuts
     D:1: 1490 daAuts
     D:2: 1387 daAuts
     D:5: 1312 daAuts
     D:3: 1254 daAuts
  Temple: 410 daAuts
     D:6: 15 daAuts

Table legend:
 A = Kills in this place as a percentage of kills in entire the game.
 B = Kills by you in this place as a percentage of kills by you in the entire game.
 C = Kills by friends in this place as a percentage of kills by friends in the entire game.
 D = Other kills in this place as a percentage of other kills in the entire game.
 E = Experience gained in this place as a percentage of experience gained in the entire game.
 F = Experience gained in this place divided by the number of levels of this place that you have seen.
                   A       B       C       D       E      F
               +-------+-------+-------+-------+-------+----------------------
         Total | 100.0 | 100.0 |   N/A |   N/A | 100.0 | 182.3
       Dungeon | 100.0 | 100.0 |   N/A |   N/A | 100.0 | 212.7
               +-------+-------+-------+-------+-------+----------------------
